 Dungeon Crawl Stone Soup version 0.21.1-1-g345015f (webtiles) character file.

7450 inc the Cleaver (level 10, 0/70 HPs)
             Began as a Demonspawn Monk on June 14, 2018.
             Was a Believer of Qazlal.
             Slain by a cyan ugly thing (17 damage)
             ... on level 11 of the Dungeon.
             The game lasted 00:18:57 (8880 turns).

inc the Cleaver (Demonspawn Monk)                   Turns: 8880, Time: 00:18:58

Health: 0/70       AC:  0    Str: 13    XL:     10   Next: 93%
Magic:  13/17      EV: 19    Int: 14    God:    Qazlal [**....]
Gold:   596        SH: 10    Dex: 23    Spells: 9/9 levels left

rFire    + . .     SeeInvis .   a - +0 hand axe
rCold    . . .     Gourm    .   E - +0 buckler
rNeg     . . .     Faith    .   d - +0 scale mail {rF+}
rPois    .         Spirit   .   (helmet restricted)
rElec    .         Reflect  .   (no cloak)
rCorr    .         Harm     .   (no gloves)
MR       .....                  g - +0 pair of boots
Stlth    ++........             n - amulet of regeneration
HPRegen  0.61/turn              B - +3 ring of dexterity
MPRegen  0.15/turn              o - +3 ring of evasion

@: agile, corroded
A: horns 2, iridescent scales 1, powered by pain 2, spiny 1
a: Upheaval, Renounce Religion


You were on level 11 of the Dungeon.
You worshipped Qazlal.
Qazlal was pleased with you.
You were not hungry.

You visited 2 branches of the dungeon, and saw 12 of its levels.

You collected 596 gold pieces.

Inventory:

Hand Weapons
 a - a +0 hand axe (weapon)
Armour
 b - a +0 robe
 d - a +0 scale mail of fire resistance (worn)
 g - a +0 pair of boots (worn)
 E - a +0 buckler (worn)
Jewellery
 i - an uncursed amulet of harm
 l - an uncursed ring of resist corrosion
 n - an amulet of regeneration (around neck)
 o - a +3 ring of evasion (right hand)
 t - an uncursed ring of protection from cold
 u - an uncursed ring of protection from fire
 A - a +3 ring of intelligence
 B - a +3 ring of dexterity (left hand)
Wands
 q - a wand of random effects (18)
 v - a wand of clouds (15)
 F - a wand of polymorph (18)
 H - a wand of iceblast (15)
Scrolls
 f - a scroll of fear {unknown}
 h - 9 scrolls of identify
 j - 8 scrolls of remove curse {unknown}
 m - a scroll of magic mapping {unknown}
 p - 2 scrolls of immolation {unknown}
 s - a scroll of fog {unknown}
 w - 8 scrolls of teleportation {unknown}
 y - a scroll of random uselessness {unknown}
 C - 3 scrolls of enchant armour {unknown}
 J - a scroll of noise {unknown}
 L - a scroll of blinking {unknown}
 M - 2 scrolls of summoning {unknown}
Potions
 e - 2 potions of magic
 k - a potion of degeneration
 r - a potion of cancellation
 z - 2 potions of ambrosia
 D - 2 potions of resistance {unknown}
 I - 3 potions of brilliance {unknown}
 K - a potion of curing
 N - a potion of flight {unknown}
 O - a potion of lignification {unknown}
Books
 x - a book of Callings

   Spells                             Type                      Level
   a - Summon Small Mammal            Summoning                    1
   b - Call Imp                       Summoning                    2
   c - Call Canine Familiar           Summoning                    3
   d - Summon Guardian Golem          Hexes/Summoning              3
   e - Summon Lightning Spire         Summoning/Air                4
   f - Summon Ice Beast               Ice/Summoning                4
 G - a book of Changes

   Spells                             Type                      Level
   a - Beastly Appendage              Transmutation                1
   b - Sticks to Snakes               Transmutation                2
   c - Spider Form                    Transmutation/Poison         3
   d - Ice Form                       Ice/Transmutation            4
   e - Blade Hands                    Transmutation                5
Comestibles
 c - 21 rations


   Skills:
 - Level 3.0 Fighting
 + Level 10.7 Axes
 - Level 6.5 Armour
 - Level 2.6 Dodging
 - Level 1.7 Stealth
 - Level 5.6 Shields
 - Level 10.3 Invocations


You had 9 spell levels left.
You didn't know any spells.

Dungeon Overview and Level Annotations

Branches:
Dungeon (11/15)            Temple (1/1) D:6
   Lair: D:8-11         Orc: D:9-12

Altars:
Ashenzari
Cheibriados
Dithmenos
Elyvilon
Fedhas
Gozag
Hepliaklqana
Kikubaaqudgha
Makhleb
Nemelex Xobeh
Okawaru
Qazlal
Ru
Sif Muna
Trog
Uskayaw
Vehumet
Wu Jian
Xom
Yredelemnul
Zin
The Shining One

Shops:
D:9 (   D:10 %


Innate Abilities, Weirdness & Mutations

You have a pair of horns on your head.
You are partially covered in iridescent scales. (AC +2)
You sometimes gain power by taking damage.
You are partially covered in sharp spines.


Message History

You focus on the pain.
You feel agile all of a sudden.
Okay, then.
Okay, then.
Unknown command.
The cyan ugly thing is engulfed in blazing flames.
There is an open door here.
You block the cyan ugly thing's attack.
All of the chunks of flesh in your inventory have rotted away.
The cyan ugly thing is struck by lightning.
You hear a shout! x7
Unknown command.
Aiming: Upheaval
Press: ? - help, Dir - move target cursor The ground shakes violently, spewing rubble!
The blast of rubble hits the cyan ugly thing.
The cyan ugly thing is severely wounded.
The cyan ugly thing is struck by your spines.
The cyan ugly thing punches you!
You die...

##.###.###.# ##.(.......# ...
....)..##### #.# #####..# #.#
##+## # #..# ###.## ##...##
#####..# #....# ##.....##
##.....# #.#..## ##.......#.
##...>########.#...####..........
......†.).(.(((.@u§...'.......$..
##....########.#§§.####..........
...........# #......# ##.......#.
##..###############.# ##.....##
#..# ##.......### ##...## #..####
#.⌠#####⌠.# ##'## #.....#
#.##...##.# #.#
##.##.###.#.⌠.⌠.#.# #.#
#.##.#.')#..<.)).#


You could see a cyan ugly thing.

Vanquished Creatures
  2 two-headed ogres
  Pikel (D:9)
  A centaur zombie (D:10)
  A hornet (D:8)
  Prince Ribbit (D:6)
  A hippogriff (D:10)
  A spriggan (D:7)
  A water elemental (D:11)
  The ghost of Dirag the Skirmisher, an amateur HOFi (D:4)
  Menkaure (D:7)
  2 water moccasins
  A black bear (D:6)
  3 orc warriors
  3 ice beasts
  2 slaves (D:9)
  A sky beast (D:10)
  7 ogres
  5 centaurs
  A crocodile (D:9)
  4 bullfrogs
  A water moccasin zombie (D:10)
  4 scorpions
  2 oklob saplings (D:8)
  6 howler monkeys
  3 crimson imps
  3 bullfrog zombies
  2 quasits
  5 hounds
  2 jellies
  5 orc priests
  2 centaur skeletons
  7 orc wizards
  2 iguanas
  7 worker ants
  A howler monkey zombie (D:3)
  3 worker ant zombies
  18 adders
  2 oozes
  An adder zombie (D:3)
  A worm (D:2)
  3 dart slugs (D:1)
  6 leopard geckos
  39 orcs
  4 giant cockroaches
  7 goblins
  4 hobgoblins
  6 jackals
  3 kobolds
  2 quokkas
  11 ball pythons
  3 bats
  3 frilled lizards
  A jackal zombie (D:5)
  A leopard gecko skeleton (D:5)
  4 rats
  A butterfly (D:6)
215 creatures vanquished.

Vanquished Creatures (others)
  A slave (D:9)
1 creature vanquished.

Grand Total: 216 creatures vanquished

Notes
Turn   | Place    | Note
-------+----------+-------------------------------------------
     0 | D:1      | inc the Demonspawn Monk began the quest for the Orb.
     0 | D:1      | Reached XP level 1. HP: 18/18 MP: 1/1
   142 | D:1      | Gained mutation: You have a pair of small horns on your head. [demonic ancestry]
   142 | D:1      | Reached XP level 2. HP: 23/24 MP: 2/2
   609 | D:2      | Gained mutation: You are partially covered in iridescent scales. (AC +2) [demonic ancestry]
   609 | D:2      | Reached XP level 3. HP: 19/29 MP: 3/3
  1228 | D:2      | Found a white marble altar of Elyvilon.
  1228 | D:2      | Found a radiant altar of Vehumet.
  1567 | D:3      | Reached XP level 4. HP: 26/35 MP: 4/4
  2109 | D:3      | Reached skill level 5 in Axes
  2267 | D:3      | Gained mutation: You have a pair of horns on your head. [demonic ancestry]
  2267 | D:3      | Reached XP level 5. HP: 17/41 MP: 5/5
  2723 | D:4      | Noticed Dirag's ghost (amateur HOFi)
  2756 | D:4      | Killed Dirag's ghost
  2756 | D:4      | Reached XP level 6. HP: 20/47 MP: 6/6
  3315 | D:5      | Entered Level 5 of the Dungeon
  3455 | D:5      | Reached skill level 1 in Armour
  3455 | D:5      | Reached XP level 7. HP: 25/52 MP: 7/7
  3694 | D:5      | Found a glowing golden altar of the Shining One.
  3697 | D:5      | Found a hide-covered altar of Uskayaw.
  3709 | D:5      | Found an iron altar of Okawaru.
  4329 | D:6      | Reached skill level 5 in Armour
  4344 | D:6      | Gained mutation: You are partially covered in sharp spines. [demonic ancestry]
  4344 | D:6      | Reached XP level 8. HP: 43/58 MP: 8/8
  4476 | D:6      | Found a sparkling altar of Nemelex Xobeh.
  4512 | D:6      | Noticed Prince Ribbit
  4602 | D:6      | Found a staircase to the Ecumenical Temple.
  4615 | Temple   | Entered the Ecumenical Temple
  4863 | Temple   | Became a worshipper of Qazlal Stormbringer
  4863 | Temple   | Reached * piety under Qazlal
  4863 | Temple   | Reached ** piety under Qazlal
  4955 | D:6      | Reached skill level 1 in Invocations
  4984 | D:6      | Killed Prince Ribbit
  5007 | D:6      | Found a glowing silver altar of Zin.
  5007 | D:6      | Found a deep blue altar of Sif Muna.
  5055 | D:6      | Reached skill level 5 in Invocations
  5466 | D:7      | Found an ornate altar of the Wu Jian Council.
  5506 | D:7      | Reached skill level 1 in Shields
  5708 | D:7      | Gained mutation: You sometimes gain a little power by taking damage. [demonic ancestry]
  5708 | D:7      | Reached XP level 9. HP: 50/63 MP: 14/14
  5754 | D:7      | Noticed Menkaure
  5760 | D:7      | Killed Menkaure
  6313 | D:8      | Paralysed by a hornet for 3 turns
  6328 | D:8      | HP: 3/63 [water moccasin (7)]
  6332 | D:8      | HP: 1/63 [water moccasin (6)]
  6345 | D:8      | HP: 3/63 [poisoned by a water moccasin]
  6351 | D:8      | HP: 2/63 [poisoned by a water moccasin]
  6357 | D:8      | HP: 3/63 [poisoned by a water moccasin]
  6599 | D:8      | Noticed a two-headed ogre
  6609 | D:8      | Killed a two-headed ogre
  6609 | D:8      | Reached skill level 5 in Shields
  6609 | D:8      | Reached skill level 10 in Invocations
  6818 | D:8      | Found a blossoming altar of Fedhas.
  6891 | D:8      | Gained mutation: You sometimes gain power by taking damage. [demonic ancestry]
  6891 | D:8      | Reached XP level 10. HP: 58/70 MP: 17/17
  7531 | D:9      | Noticed Pikel
  7534 | D:9      | Noticed a two-headed ogre
  7545 | D:9      | Killed a two-headed ogre
  7545 | D:9      | Killed Pikel
  7674 | D:9      | Found Vupsoh's Antique Weapon Boutique.
  7826 | D:10     | Entered Level 10 of the Dungeon
  8056 | D:10     | Reached skill level 10 in Axes
  8357 | D:10     | Found Kiachon's Food Boutique.
  8860 | D:11     | Noticed a cyan ugly thing
  8880 | D:11     | Slain by a cyan ugly thing

Skill      XL: |  1  2  3  4  5  6  7  8  9 10 |
---------------+-------------------------------+-----
Axes           | 3 4 5 6 7 10 | 10.7
Armour         | 1 5 6 |  6.5
Invocations    | 6 10 | 10.3
Shields        | 1 5 |  5.6
Fighting       | |  3.0
Dodging        | |  2.6
Stealth        | |  1.7

Action                   |  1- 3 |  4- 6 |  7- 9 | 10-12 || total
-------------------------+-------+-------+-------+-------++-------
Melee: Hand axe          |   107 |   169 |   381 |   233 ||   890
       Headbutt          |    12 |    32 |    83 |    56 ||   183
Invok: Upheaval          |       |       |     6 |     4 ||    10
  Use: Potion            |       |     4 |     3 |       ||     7
       Scroll            |       |     5 |       |       ||     5
  Eat: Chunk             |     1 |     6 |     9 |     3 ||    19
       Ration            |       |       |     1 |     1 ||     2
Armor: Scale mail        |    50 |    75 |   142 |    52 ||   319
       Robe              |     1 |       |       |       ||     1
Dodge: Dodged            |    55 |    82 |   201 |    98 ||   436
Block: Buckler           |       |       |    61 |    81 ||   142
